 Dungeon Crawl Stone Soup version 0.24-a0-699-g5a66b1aa3b (webtiles) character file.

Game seed: 4376533639125222909, levelgen mode: deterministic

59812 Holzbalken the Impaler (level 15, -2/117 HPs)
             Began as a Formicid Fighter on Sept 29, 2019.
             Was a High Priest of Qazlal.
             Slain by a seven-headed hydra (7 damage)
             ... on level 4 of the Lair of Beasts.
             The game lasted 01:39:36 (22328 turns).

Holzbalken the Impaler (Formicid Fighter)          Turns: 22328, Time: 01:39:37

Health: -2/117     AC: 19    Str: 26    XL:     15   Next: 35%
Magic:  20/24      EV: 10    Int:  9    God:    Qazlal [*****.]
Gold:   1187       SH: 18    Dex: 12    Spells: 26/26 levels left

rFire    . . .     SeeInvis +   b - +1 trident
rCold    . . .     Gourm    +   D - +0 shield
rNeg     . . .     Faith    .   M - +0 plate armour {rPois}
rPois    +         Spirit   .   (helmet unavailable)
rElec    .         Reflect  .   (no cloak)
rCorr    .         Harm     .   n - +0 pair of gloves
MR       +....                  (no boots)
Stlth    ..........             T - amulet of the gourmand
HPRegen  0.29/turn              B - +2 ring of dexterity
MPRegen  0.19/turn              s - +3 ring of evasion

@: protected from physical damage, repel missiles
A: permanent stasis, dig shafts and tunnels, four strong arms, antennae 3
a: Dig, Shaft Self, Upheaval, Elemental Force, Disaster Area, Renounce Religion


You were on level 4 of the Lair of Beasts.
You worshipped Qazlal.
Qazlal was extremely pleased with you.
You were completely stuffed.

You visited 3 branches of the dungeon, and saw 20 of its levels.
You also visited: Gauntlet and Ice Cave.

You collected 1252 gold pieces.
You spent 65 gold pieces at shops.

Inventory:

Hand Weapons
 a - a +0 glaive of protection
   (You found it on level 13 of the Dungeon)
 b - a +1 trident (weapon)
 N - a cursed +5 halberd
   (You took it off a wight on level 7 of the Dungeon)
Missiles
 g - 97 sling bullets
 v - a throwing net {!f}
 L - 546 stones (quivered)
Armour
 n - a +0 pair of gloves (worn)
   (You found it on level 14 of the Dungeon)
 D - a +0 shield (worn)
 M - a +0 plate armour of poison resistance (worn)
   (You found it on level 6 of the Dungeon)
Magical Staves
 w - a cursed staff of poison {unknown}
   (You found it in a Gauntlet)
 C - an uncursed staff of conjuration {unknown}
   (You found it in a Gauntlet)
Jewellery
 i - an uncursed ring of protection from fire
   (You took it off a minotaur in a Gauntlet)
 s - a +3 ring of evasion (right hand)
   (You found it on level 1 of the Dungeon)
 B - a +2 ring of dexterity (left hand)
   (You found it on level 13 of the Dungeon)
 Q - an uncursed ring of positive energy
   (You found it on level 7 of the Dungeon)
 T - an amulet of the gourmand (around neck)
   (You took it off a spriggan on level 8 of the Dungeon)
Wands
 c - a wand of disintegration (7)
   (You found it on level 4 of the Dungeon)
 d - a wand of iceblast (19)
   (You found it on level 6 of the Dungeon)
 t - a wand of flame (22)
   (You found it in a Gauntlet)
 u - a wand of paralysis (14)
   (You found it on level 7 of the Dungeon)
 x - a wand of acid (18)
   (You found it on level 11 of the Dungeon)
 F - a wand of scattershot (7)
   (You found it on level 6 of the Dungeon)
 S - a wand of polymorph (10)
   (You found it on level 8 of the Dungeon)
Scrolls
 j - 8 scrolls of remove curse {@r2}
 l - 5 scrolls of enchant weapon
 o - 3 scrolls of immolation {!r}
 q - 2 scrolls of vulnerability {unknown}
 y - 9 scrolls of identify {@r1}
 G - 2 scrolls of fear
 I - 2 scrolls of enchant armour {unknown}
 O - 6 scrolls of fog
 U - 3 scrolls of summoning
 V - a scroll of magic mapping
 W - 2 scrolls of brand weapon {unknown}
 X - 4 scrolls of amnesia {unknown}
Potions
 h - 3 potions of mutation {!q}
 k - a potion of magic {unknown}
 m - 2 potions of haste {unknown}
 p - a potion of resistance {unknown}
 r - 3 potions of brilliance
 z - 4 potions of cancellation
 A - 3 potions of flight {unknown}
 E - a potion of lignification {unknown}
 H - 2 potions of invisibility {unknown}
 R - a potion of ambrosia {unknown}
Miscellaneous
 f - a crystal ball of energy
   (You found it in an ice cave)
 J - a phial of floods
   (You found it on level 1 of the Lair of Beasts)
 P - a phial of floods
   (You found it in a Gauntlet)
Comestibles
 e - 32 rations {!d}
 K - a chunk of flesh


   Skills:
 + Level 10.9 Fighting
 * Level 17.1 Polearms
 + Level 11.9 Armour
 - Level 9.0 Shields
 + Level 6.1 Spellcasting
 - Level 10.0 Invocations


You had 26 spell levels left.
You didn't know any spells.
Your spell library contained the following spells:

 Spells                   Type           Power        Failure   Level  Hunger
 Animate Skeleton         Necr           N/A          88%         1    None
 Apportation              Tloc           #.....       88%         1    None
 Confusing Touch          Hex            #.....       88%         1    None
 Corona                   Hex            #......      88%         1    None
 Freeze                   Ice            #...         88%         1    None
 Infusion                 Chrm           #...         88%         1    None
 Magic Dart               Conj           #...         88%         1    None
 Shock                    Conj/Air       #...         88%         1    None
 Summon Butterflies       Summ           #.......     88%         1    None
 Summon Small Mammal      Summ           #...         88%         1    None
 Call Imp                 Summ           #.......     95%         2    ##.....
 Poisonous Vapours        Pois/Air       #.....       95%         2    ##.....
 Slow                     Hex            #.......     95%         2    ##.....
 Song of Slaying          Chrm           #.......     95%         2    ##.....
 Swiftness                Chrm/Air       #.......     95%         2    ##.....
 Throw Frost              Conj/Ice       #.....       95%         2    ##.....
 Conjure Flame            Conj/Fire      #.......     99%         3    ###....
 Inner Flame              Hex/Fire       #.......     99%         3    ###....
 Lesser Beckoning         Tloc           #.........   99%         3    ###....
 Mephitic Cloud           Conj/Pois/Air  #.......     99%         3    ###....
 Ozocubu's Armour         Chrm/Ice       #.......     99%         3    ###....
 Portal Projectile        Hex/Tloc       #.....       99%         3    ###....
 Regeneration             Chrm/Necr      #.........   99%         3    ###....
 Static Discharge         Conj/Air       #.......     99%         3    ###....
 Tukima's Dance           Hex            #.......     99%         3    ###....
 Airstrike                Air            #.........   100%        4    ####...
 Cause Fear               Hex            #.........   100%        4    ####...
 Leda's Liquefaction      Hex/Erth       #.........   100%        4    ####...
 Olgreb's Toxic Radiance  Pois           #.......     100%        4    ####...
 Summon Ice Beast         Ice/Summ       #.......     100%        4    ####...
 Throw Icicle             Conj/Ice       #.......     100%        4    ####...
 Alistair's Intoxication  Tmut/Pois      #.......     100%        5    ######.
 Excruciating Wounds      Chrm/Necr      #.........   100%        5    ######.
 Lightning Bolt           Conj/Air       #.........   100%        5    ######.
 Invisibility             Hex            #.......     100%        6    #######
 Blink                    Tloc           Unusable     N/A         2    N/A

Dungeon Overview and Level Annotations

Branches:
Dungeon (15/15)            Temple (1/1) D:5            Lair (4/6) D:9
  Swamp (0/4) Lair:2       Spider (0/4) Lair:3          Orc (0/2) D:10
 Vaults (0/5) D:14         Depths (0/5) D:15          IceCv (visited)
Gauntlet (visited)

Altars:
Ashenzari
Cheibriados
Dithmenos
Elyvilon
Fedhas
Gozag
Hepliaklqana
Kikubaaqudgha
Makhleb
Nemelex Xobeh
Okawaru
Qazlal
Ru
Sif Muna
Trog
Uskayaw
Vehumet
Wu Jian
Xom
Yredelemnul
Zin
The Shining One

Shops:
D:5 %=!**   D:11 *[}   D:14 =


Innate Abilities, Weirdness & Mutations

You cannot be hasted, slowed, berserked, paralysed or teleported.
You can dig through walls and to a lower floor.
Your four strong arms can wield two-handed weapons with a shield.
You have a pair of large antennae on your head. (SInv)


Message History

The seven-headed hydra bites you.
* * * LOW HITPOINT WARNING * * *
You puncture the seven-headed hydra!
You block the seven-headed hydra's attack.
The seven-headed hydra barely misses you.
The seven-headed hydra bites you!
* * * LOW HITPOINT WARNING * * *
You block the seven-headed hydra's attack. x2
The seven-headed hydra bites you!
* * * LOW HITPOINT WARNING * * *
The seven-headed hydra bites you.
* * * LOW HITPOINT WARNING * * *
Okay, then.
You impale the seven-headed hydra!! You puncture the seven-headed hydra!
The seven-headed hydra bites you but does no damage.
You block the seven-headed hydra's attack.
The seven-headed hydra bites you!
* * * LOW HITPOINT WARNING * * *
You block the seven-headed hydra's attack.
The seven-headed hydra bites you but does no damage.
You block the seven-headed hydra's attack.
The seven-headed hydra bites you but does no damage.
You puncture the seven-headed hydra! You hit the seven-headed hydra.
The seven-headed hydra bites you but does no damage.
You block the seven-headed hydra's attack. x2
The seven-headed hydra bites you.
* * * LOW HITPOINT WARNING * * *
You block the seven-headed hydra's attack. x2
The seven-headed hydra bites you.
* * * LOW HITPOINT WARNING * * *
You hit the seven-headed hydra.
You hear a croak.
The seven-headed hydra bites you but does no damage.
The seven-headed hydra closely misses you.
You block the seven-headed hydra's attack.
The seven-headed hydra bites you but does no damage.
You block the seven-headed hydra's attack.
The seven-headed hydra bites you but does no damage. x2
You barely miss the seven-headed hydra.
Okay, then.
Magma suddenly erupts from the ground!
You hear a sizzling sound!
The seven-headed hydra closely misses you.
You block the seven-headed hydra's attack.
The seven-headed hydra bites you but does no damage. x3
You block the seven-headed hydra's attack.
The seven-headed hydra bites you!
You die...

..##..................#
. #............##....#
#..#.........#..$.#.##
.....#......#.........#
#..P#........#..#...#..
# .........###†.†..##
.. ..#....##.§††...#
##....#○#☼°.#.#
.......§@⌠...#
.#.....D○...#
##..○≈.....#
.....#.....##
.....#.....# ##(#
......# .⌠. ..###.. ..
#.. )..


You could see a seven-headed hydra.

Vanquished Creatures
  Frances (D:13)
  A dire elephant (Gauntlet)
  A minotaur (Gauntlet)
  Snorg (D:13)
  A fire dragon (D:15)
  2 hydras
  An ice dragon (D:15)
  A centaur warrior (D:15)
  4 two-headed ogres
  2 dancing weapons (D:14)
  A tengu warrior (D:13)
  The ghost of skumtomte the Destroyer, a journeyman GrWn of Vehumet (Lair:2)
  A death yak (D:9)
  The ghost of losten the Poker, a novice DsBe of Trog (D:9)
  A queen ant (Lair:3)
  Sonja (D:13)
  A fire crab (Gauntlet)
  2 unseen horrors
  A wizard (D:15)
  A swamp dragon (Lair:2)
  Pikel (D:5)
  2 cyclopes
  3 deep elf magi
  8 ugly things
  4 manticores
  A worldbinder (Gauntlet)
  A black mamba (Lair:2)
  3 elephants (Gauntlet)
  2 ice statues (IceCv)
  7 spiny frogs
  6 komodo dragons
  4 kobold demonologists (D:15)
  A rime drake (Lair:1)
  A tengu conjurer (D:13)
  4 trolls
  3 blink frogs (Lair:4)
  4 slime creatures (D:15)
  A spriggan (D:8)
  2 wraiths
  10 hippogriffs
  26 yaks
  A yak (shapeshifter) (D:15)
  2 vampires
  4 wyverns
  2 basilisks
  4 fire bats (Gauntlet)
  A hungry ghost (D:10)
  Grum (D:8)
  4 wargs (D:10)
  Edmund (D:6)
  3 acid dragons
  11 soldier ants
  6 porcupines
  8 water moccasins
  2 hell hounds (Gauntlet)
  10 ice beasts
  6 sky beasts
  A slave (D:5)
  3 orc warriors
  2 phantoms
  A necrophage (D:10)
  2 boggarts (Gauntlet)
  5 ogres
  16 wolves
  17 crocodiles
  11 centaurs
  8 big kobolds
  Blork the orc (D:6)
  20 bullfrogs
  6 scorpions
  21 killer bees
  21 wights
  2 electric eels (Lair:1)
  8 crimson imps
  A bullfrog zombie (D:6)
  8 orc priests
  A bullfrog skeleton (D:9)
  5 jellies
  6 centaur skeletons
  7 hounds
  16 orc wizards
  6 iguanas
  32 worker ants
  A hell rat (D:9)
  A hound zombie (D:7)
  2 hound skeletons (D:6)
  7 gnolls
  A howler monkey skeleton (D:4)
  13 adders
  3 shadow imps
  An ooze (D:6)
  An adder skeleton (D:6)
  3 adder zombies
  2 worms (D:5)
  3 dart slugs (D:1)
  4 leopard geckos
  50 orcs
  5 bats
  4 giant cockroaches
  6 goblins
  8 hobgoblins
  9 jackals
  29 kobolds
  5 quokkas
  A ball python (D:4)
  5 frilled lizards
  A quokka skeleton (D:5)
  2 rats
580 creatures vanquished.

Vanquished Creatures (others)
  A slave (D:5)
  A scorpion (D:5)
  A quokka skeleton (D:5)
  3 fungi
  23 plants
29 creatures vanquished.

Grand Total: 609 creatures vanquished

Notes
Turn   | Place    | Note
-------+----------+-------------------------------------------
     0 | D:1      | Holzbalken the Formicid Fighter began the quest for the
                  | Orb.
     0 | D:1      | Reached XP level 1. HP: 18/18 MP: 1/1
    60 | D:1      | Reached XP level 2. HP: 24/24 MP: 2/2
   189 | D:1      | Reached XP level 3. HP: 24/29 MP: 3/3
   270 | D:1      | Reached skill level 3 in Polearms
  1038 | D:2      | Reached XP level 4. HP: 25/35 MP: 4/4
  2250 | D:3      | Reached skill level 4 in Polearms
  2549 | D:3      | Reached XP level 5. HP: 41/41 MP: 5/5
  2659 | D:3      | Found a shattered altar of Ashenzari.
  2662 | D:3      | Found a sacrificial altar of Ru.
  2662 | D:3      | Found a shadowy altar of Dithmenos.
  2665 | D:3      | Found a sparkling altar of Nemelex Xobeh.
  2732 | D:3      | Reached skill level 5 in Shields
  2740 | D:3      | Reached XP level 6. HP: 31/47 MP: 6/6
  3129 | D:4      | Reached skill level 5 in Polearms
  3436 | D:4      | Found an opulent altar of Gozag.
  3516 | D:4      | Found a shimmering blue altar of Sif Muna.
  3579 | D:5      | Entered Level 5 of the Dungeon
  3592 | D:5      | Found Oxtakh's Jewellery Shoppe.
  3607 | D:5      | Found Fipeje's Distillery.
  3610 | D:5      | Bought a potion of heal wounds for 65 gold pieces
  3610 | D:5      | Noticed an ogre
  3632 | D:5      | Noticed Pikel
  3632 | D:5      | Noticed a slave
  3669 | D:5      | Noticed a slave
  3674 | D:5      | Noticed a slave
  3675 | D:5      | Noticed a slave
  3683 | D:5      | Killed a slave
  3701 | D:4      | Killed an ogre
  3701 | D:4      | Reached XP level 7. HP: 50/52 MP: 7/7
  3725 | D:5      | Reached skill level 6 in Polearms
  3763 | D:5      | Killed Pikel
  3763 | D:5      | Reached skill level 7 in Polearms
  3763 | D:5      | Reached XP level 8. HP: 52/58 MP: 8/8
  3787 | D:5      | Found an iron altar of Okawaru.
  3837 | D:5      | Found a staircase to the Ecumenical Temple.
  3865 | Temple   | Entered the Ecumenical Temple
  3953 | Temple   | Became a worshipper of Qazlal Stormbringer
  4012 | D:5      | Found Tyrill's Assorted Antiques.
  4084 | D:5      | Found a hide-covered altar of Uskayaw.
  4085 | D:5      | Found Usushrine's Food Shoppe.
  4253 | D:5      | Found Ynge Timm's General Store.
  4372 | D:6      | Reached skill level 8 in Polearms
  4669 | D:6      | Reached XP level 9. HP: 64/64 MP: 9/9
  4678 | D:6      | Reached skill level 9 in Polearms
  4730 | D:6      | Reached * piety under Qazlal
  4888 | D:6      | Noticed Blork the orc
  4902 | D:6      | Killed Blork the orc
  5134 | D:6      | Found a burning altar of Makhleb.
  5411 | D:6      | Reached skill level 10 in Polearms
  5613 | D:6      | Noticed Edmund
  5624 | D:6      | Killed Edmund
  6231 | D:7      | Reached XP level 10. HP: 59/71 MP: 10/10
  6251 | D:7      | Reached ** piety under Qazlal
  6542 | D:7      | Reached skill level 11 in Polearms
  6633 | D:7      | Found a hide-covered altar of Uskayaw.
  6912 | D:8      | Noticed Grum
  6926 | D:7      | Reached skill level 5 in Fighting
  6926 | D:7      | Reached skill level 5 in Armour
  7210 | D:8      | Killed Grum
  7290 | D:8      | Found a glowing silver altar of Zin.
  7414 | D:8      | You fall into a shaft and drop 2 floors!
  7414 | D:10     | Entered Level 10 of the Dungeon
  7631 | D:9      | Noticed a death yak
  7681 | D:9      | Found a runed translucent door.
  7681 | D:9      | Noticed losten's ghost (novice DsBe)
  7686 | D:9      | Reached skill level 12 in Polearms
  7802 | D:8      | Found an ancient bone altar of Kikubaaqudgha.
  7903 | D:9      | Found an ornate altar of the Wu Jian Council.
  7928 | D:9      | Found a staircase to the Lair.
  7942 | D:9      | Killed a death yak
  7942 | D:9      | Reached XP level 11. HP: 66/79 MP: 7/11
  8233 | D:9      | Found a glowing golden altar of the Shining One.
  8335 | D:9      | Killed losten's ghost
  8581 | D:10     | Reached skill level 1 in Invocations
  8585 | D:10     | Reached skill level 13 in Polearms
  8720 | D:10     | Reached *** piety under Qazlal
  9028 | D:10     | Found a staircase to the Orcish Mines.
  9197 | D:10     | Reached **** piety under Qazlal
  9529 | D:11     | Found Xeckotwic's Armour Shoppe.
  9532 | D:11     | Noticed a manticore
  9546 | D:11     | Killed a manticore
  9546 | D:11     | Reached skill level 5 in Invocations
  9571 | D:11     | Noticed a manticore
  9577 | D:11     | Killed a manticore
  9665 | D:11     | Noticed a two-headed ogre
  9684 | D:10     | Reached XP level 12. HP: 58/88 MP: 16/16
  9814 | D:11     | Killed a two-headed ogre
 10062 | D:11     | Found Honeidgh's General Store.
 10490 | D:11     | Found Ameigoot's Gadget Shoppe.
 10701 | D:11     | Reached skill level 14 in Polearms
 11649 | D:12     | You fall into a shaft and drop 1 floor!
 11670 | D:13     | Noticed an unseen horror
 11671 | D:13     | Reached ***** piety under Qazlal
 11677 | D:13     | Killed an unseen horror
 11682 | D:13     | Found a frozen archway.
 11692 | IceCv    | Entered an ice cave
 11693 | IceCv    | Found a transporter.
 11892 | IceCv    | Found a transporter.
 12169 | D:13     | Noticed Frances
 12178 | D:13     | Noticed a sun demon
 12212 | D:13     | Killed Frances
 12212 | D:13     | Reached XP level 13. HP: 17/97 MP: 19/19
 12580 | D:13     | Noticed Sonja
 12595 | D:13     | Killed Sonja
 13136 | D:14     | Found Fitagox's Jewellery Emporium.
 13142 | D:14     | Noticed Snorg
 13442 | D:13     | Killed Snorg
 13442 | D:13     | Reached skill level 10 in Invocations
 13593 | D:14     | Reached skill level 15 in Polearms
 13644 | D:14     | Reached skill level 10 in Armour
 14112 | D:14     | Reached skill level 1 in Spellcasting
 14300 | D:14     | Found a gate to the Vaults.
 14724 | D:15     | Entered Level 15 of the Dungeon
 15180 | D:15     | Reached XP level 14. HP: 108/108 MP: 21/21
 16655 | D:15     | Reached skill level 16 in Polearms
 16709 | D:15     | Found a staircase to the Depths.
 17237 | Lair:1   | Entered Level 1 of the Lair of Beasts
 18226 | Lair:2   | Found a gate leading to a gauntlet.
 18238 | Gauntlet | Entered a Gauntlet
 18238 | Gauntlet | Found a transporter.
 18238 | Gauntlet | Found a transporter.
 18243 | Gauntlet | Found a transporter.
 18243 | Gauntlet | Found a transporter.
 18254 | Gauntlet | Found a transporter.
 18265 | Gauntlet | Found a transporter.
 18270 | Gauntlet | Found a transporter.
 18271 | Gauntlet | Noticed a dire elephant
 18273 | Gauntlet | Found a transporter.
 18273 | Gauntlet | Found a transporter.
 18276 | Gauntlet | Found a transporter.
 18310 | Gauntlet | Found a transporter.
 18332 | Gauntlet | Found a transporter.
 18371 | Gauntlet | Found a transporter.
 18386 | Gauntlet | Found a transporter.
 18486 | Gauntlet | Found a transporter.
 18500 | Gauntlet | Found a transporter.
 18715 | Gauntlet | Reached skill level 10 in Fighting
 18873 | Gauntlet | Got a sparkling bone ring
 18876 | Gauntlet | Identified the ring of Pride {*Tele rC++ rN+ Dex-4} (You
                  | found it in a Gauntlet)
 18917 | Gauntlet | Killed a dire elephant
 19339 | Gauntlet | Noticed a minotaur
 19349 | Gauntlet | Killed a minotaur
 19818 | Lair:2   | Reached skill level 5 in Spellcasting
 19984 | Lair:2   | Found a large runed translucent door.
 19984 | Lair:2   | Found a large runed translucent door.
 19985 | Lair:2   | Noticed skumtomte's ghost (journeyman GrWn)
 19997 | Lair:2   | Killed skumtomte's ghost
 20123 | Lair:2   | Found a staircase to the Swamp.
 20815 | Lair:3   | Found a hole to the Spider Nest.
 20830 | Lair:3   | Reached XP level 15. HP: 86/117 MP: 21/23
 21253 | Lair:3   | Identified Pyqi's Reference Book on Assistive Contamination
 22232 | Lair:4   | Reached skill level 17 in Polearms
 22325 | Lair:4   | HP: 5/117 [seven-headed hydra (3)]
 22328 | Lair:4   | Slain by a seven-headed hydra

Levels and vault maps discovered:
D:1:      grunt_arrival_crossed_arrows, layout_basic, minmay_tripent
D:2:      layout_loops_corners
D:3:      layout_rooms, grunt_temple_overflow_open
D:4:      layout_cave_pools, lemuel_blue_sif_altar, marbit_many_paths
D:5:      layout_rooms, nicolae_overflow_crystal_walls,
          minmay_temple_entry_wispy, serial_shops, shop,
          nicolae_shop_behind_doors, nicolae_shop_waterfront,
          nicolae_shop_behind_doors, shop, basic_altar, first_ration, uniq_pikel
D:6:      cheibrodos_fzero, layout_gridville, lemuel_crystal_altar, uniq_edmund,
          uniq_blork_the_orc
D:7:      layout_cave_pools, basic_altar
D:8:      layout_gridville, old_standard_altar, lemuel_crystal_altar,
          the_bakery, st_stairs_9, uniq_grum
D:9:      layout_basic, overflow_temple_1_default, lemuel_round_altar,
          dpeg_lair_monsters, ebering_ghost_reflecting_pool
D:10:     layout_long_grid, minmay_orc_entry_guard_dogs, minmay_liquid_box
D:11:     layout_basic, serial_shops, nicolae_shop_waterfront, shop,
          nicolae_shop_waterfront
D:12:     layout_layer_cave, serial_shops, nicolae_shop_stone, basic_altar,
          tgw_lugonu_bribe
D:13:     layout_long_grid, portal_ice_cave_entry_pillars_1, uniq_sonja,
          uniq_frances
D:14:     layout_long_grid, erik_vaults_1, serial_shops, shop,
          serial_bayou_lagoon_a, uniq_snorg
D:15:     grunt_enter_depths_hoard, layout_loops_corners, serial_park_tiny_pond,
          minmay_misc_feat_pillars
Temple:   zaba_magenta_temple
Lair:1:   layout_long_grid, grunt_megastairs_3, serial_bayou_shore_a
Lair:2:   layout_chaotic_city, minmay_swamp_entry_reptiles,
          ebering_ghost_disaster_area, gauntlet_entry_generic,
          infiniplex_staircase_pool_2
Lair:3:   layout_hall_layers, dummy_spider_entry, zaba_antful_of_joy,
          infiniplex_staircase_pool
Lair:4:   layout_misc_corridors, serial_bayou_pond_c, grunt_megastairs_1,
          lemuel_fruit_fields, lemuel_fruit_tree, lemuel_fruit_fields

Skill      XL: |  1  2  3  4  5  6  7  8  9 10 11 12 13 14 15 |
---------------+----------------------------------------------+-----
Shields        | 4 5 7 8 9 |  9.0
Polearms       | 3 4 5 7 8 10 12 13 14 15 16 17 | 17.1
Fighting       | 4 5 6 7 9 10 | 10.9
Armour         | 6 8 9 10 11 | 11.9
Invocations    | 5 8 10 | 10.0
Spellcasting   | 2 5 6 |  6.1

Action                   |  1- 3 |  4- 6 |  7- 9 | 10-12 | 13-15 || total
-------------------------+-------+-------+-------+-------+-------++-------
Melee: Trident           |   126 |   263 |   262 |       |    26 ||   677
       Glaive            |       |       |    93 |   805 |   956 ||  1854
Invok: Upheaval          |       |       |       |     5 |     9 ||    14
       Disaster Area     |       |       |       |       |     2 ||     2
  Use: Scroll            |       |     9 |     2 |    13 |     2 ||    26
       Potion            |       |       |       |     9 |     8 ||    17
  Eat: Chunk             |     1 |     8 |     8 |    15 |    34 ||    66
       Ration            |       |       |       |     5 |       ||     5
Armor: Scale mail        |     4 |       |       |       |       ||     4
       Chain mail        |    51 |    83 |    77 |       |       ||   211
       Plate armour      |       |       |    18 |   262 |   482 ||   762
Dodge: Dodged            |    42 |    67 |    69 |   298 |   329 ||   805
       Deflected         |       |       |       |    17 |     3 ||    20
Block: Shield            |    67 |   101 |   184 |   795 |  1011 ||  2158

Table legend:
 A = Non-vault XP
 B = Vault XP
 C = Vault XP percentage of total XP
 D = Non-vault monster count
 E = Vault monster count
 F = Vault count percentage of total count
                 A         B        C        D         E       F
            +---------+---------+-------+---------+---------+-------
      Total |   56480 |   28966 |  33.9 |     467 |     112 |  19.3
            +---------+---------+-------+---------+---------+-------
        D:1 |      45 |       4 |   8.2 |      22 |       2 |   8.3
        D:2 |      73 |       0 |   0.0 |      20 |       0 |   0.0
        D:3 |     156 |       0 |   0.0 |      16 |       0 |   0.0
        D:4 |     230 |      38 |  14.2 |      14 |       1 |   6.7
        D:5 |     221 |     651 |  74.7 |      16 |       1 |   5.9
        D:6 |    1037 |     954 |  47.9 |      32 |      14 |  30.4
        D:7 |    1433 |     226 |  13.6 |      27 |       2 |   6.9
        D:8 |     305 |     689 |  69.3 |       5 |       6 |  54.5
        D:9 |    1147 |    1903 |  62.4 |      28 |       4 |  12.5
       D:10 |    4667 |     667 |  12.5 |      64 |       4 |   5.9
       D:11 |    5324 |       0 |   0.0 |      37 |       0 |   0.0
       D:12 |    1404 |       0 |   0.0 |      21 |       0 |   0.0
       D:13 |    5372 |    4376 |  44.9 |      29 |       3 |   9.4
       D:14 |    7535 |    1808 |  19.4 |      26 |       2 |   7.1
       D:15 |    9996 |    2077 |  17.2 |      24 |       2 |   7.7
     Lair:1 |    3564 |     216 |   5.7 |      24 |       2 |   7.7
     Lair:2 |    5260 |    1744 |  24.9 |      26 |       5 |  16.1
     Lair:3 |    5941 |    2864 |  32.5 |      26 |      32 |  55.2
     Lair:4 |    2770 |    1659 |  37.5 |      10 |       7 |  41.2
      IceCv |       0 |    2602 | 100.0 |       0 |      10 | 100.0
   Gauntlet |       0 |    6488 | 100.0 |       0 |      15 | 100.0
            +---------+---------+-------+---------+---------+-------
